 Dungeon Crawl Stone Soup version 0.28.0-45-g0d030f2227 (webtiles) character file.

Game seed: 12747229444824653650

5 NinjaNoafa the Gusty (level 1, 13/13 HPs)
             Began as a Formicid Air Elementalist on Apr 15, 2022.
             Quit the game on level 1 of the Dungeon.
             The game lasted 00:02:29 (435 turns).

NinjaNoafa the Gusty (Formicid Air Elementalist)     Turns: 435, Time: 00:02:30

Health: 13/13      AC:  2    Str: 12    XL:     1   Next: 88%
Magic:  1/3        EV: 12    Int: 14    God:
Gold:   0          SH:  0    Dex: 11    Spells: 3/4 levels left

rFire   . . .      SeeInvis +   e - +0 hand axe
rCold   . . .      Faith    .   (no shield)
rNeg    . . .      Spirit   .   a - +0 robe
rPois   .          Reflect  .   (helmet unavailable)
rElec   .          Harm     .   (no cloak)
rCorr   .          Rampage  .   (no gloves)
Will    .....                   (no boots)
Stlth   ++........              (no amulet)
HPRegen 0.04/turn               (no ring)
MPRegen 0.08/turn               (no ring)

@: no status effects
A: permanent stasis, dig shafts and tunnels, antennae 3, four strong arms
a: Dig, Shaft Self


You were on level 1 of the Dungeon.
You visited 1 branch of the dungeon, and saw 1 of its levels.

Inventory:

Hand Weapons
 d - a +0 dagger
 e - a +0 hand axe (weapon)
Missiles
 b - 3 poisoned darts
Armour
 a - a +0 robe (worn)
Scrolls
 g - a scroll of fear {unknown}
Potions
 c - a potion of attraction {unknown}
 f - a potion of curing {unknown}


   Skills:
 + Level 1.8 Dodging
 + Level 2.5 Stealth
 + Level 2.2 Spellcasting
 * Level 1.1 Conjurations
 * Level 2.5 Air Magic


You had 3 spell levels left.
You knew the following spells:

 Your Spells              Type           Power      Damage    Failure   Level
a - Shock                 Conj/Air       24%        1d4       11%         1

Your spell library contained the following spells:

 Spells                   Type           Power      Damage    Failure   Level
 Static Discharge         Conj/Air       6%         N/A       17%         2
 Airstrike                Air            4%         N/A       63%         4
 Swiftness                Air            Unusable   N/A       N/A         3

Dungeon Overview and Level Annotations

Branches:
Dungeon (1/15)

Altars:


Innate Abilities, Weirdness & Mutations

You cannot be hasted, slowed, berserked, paralysed or teleported.
You can dig through walls and to a lower floor.
You have a pair of large antennae on your head. (SInv)
Your four strong arms can wield two-handed weapons with a shield.


Message History

That beam is likely to hit you.
Continue anyway?
Okay, then.
The bat barely misses you.
You see here a quokka corpse.
The zap hits the bat.
The bat is severely wounded.
The bat hits you but does no damage.
You miscast Shock.
You are very lightly contaminated with residual magic.
Nothing appears to happen.
The bat hits you.
The zap hits the bat.
You kill the bat!
Your magical contamination has completely faded away.
Found a spear.
You sense a monster nearby.
A kobold comes into view. It is wielding a +0 dagger.
The kobold shouts!
A rat comes into view.
Casting: Shock (safe; 11% risk of failure)
Confirm with . or Enter, or press ? or * to list all spells.
Aiming: Shock (safe; 11% risk of failure)
Press: ? - help, Shift-Dir - straight line, f - rat
Aim: a rat (wandering, hasn't noticed you, 64% to hit)
The zap hits the rat.
You kill the rat!
Casting: Shock (safe; 11% risk of failure)
Confirm with . or Enter, or press ? or * to list all spells.
You don't know that spell.
Casting: Shock (safe; 11% risk of failure)
Confirm with . or Enter, or press ? or * to list all spells.
Aiming: Shock (safe; 11% risk of failure)
Press: ? - help, Shift-Dir - straight line, f - kobold
Aim: a kobold, wielding a +0 dagger (55% to hit)
The zap hits the kobold but does no damage.
Welcome back, NinjaNoafa the Formicid Air Elementalist.
Press ? for a list of commands and other information.
Saving game... please wait.
Welcome back, NinjaNoafa the Formicid Air Elementalist.
Press ? for a list of commands and other information.
Are you sure you want to abandon this character and quit the game? (Confirm with "yes".)

..# ### .... ... #
.#.#..##.### # ##.
........# #
#......#..##.#.# #
....#..#..##K#.# ####
#
..........##.#.#.....
#
......##..##.#.†.....
#............@#
#.#.#..##.##### ##
#.# #..##.## .# #.#
#†.†...###.. .# #.#
#.#.........#
.###.###.##....##...
.........##†#..# #
###.#######.#.....
#.# #....#.#


You could see a kobold.

Vanquished Creatures
  A hobgoblin (D:1)
  A quokka (D:1)
  2 bats (D:1)
  2 rats (D:1)
6 creatures vanquished.

Notes
Turn   | Place    | Note
-------+----------+-------------------------------------------
     0 | D:1      | NinjaNoafa the Formicid Air Elementalist began the quest
                  | for the Orb.
     0 | D:1      | Reached XP level 1. HP: 13/13 MP: 3/3
    51 | D:1      | Reached skill level 1 in Conjurations
   435 | D:1      | Quit the game

Illustrated notes

Levels and vault maps discovered:
D:1:      noname_arrival_rooms_in_the_neighbourhood, layout_basic,
          shapermc_ecumenical_altar_hornbeckon

Skill      XL: |  1 |
---------------+----+-----
Conjurations   | 1 |  1.1
Dodging        | |  1.8
Stealth        | |  2.5
Spellcasting   | |  2.2
Air Magic      | |  2.5

Action                   || total
-------------------------++-------
Melee: Hand axe          ||     2
 Cast: Shock             ||    13
Armor: Robe              ||     3
Dodge: Dodged            ||     6
